AoeStats
← 青山新雨 夜观星河

Fortress

509870440Analyzed
4v4 RM · 5d ago on Sep 28, 2026· 40m 1s· 8 players
Game mode
Random Map
Map size
Huge
Population
200
Speed
Normal
Resources
Standard
Victory
Conquest
Starting age
Dark Age
Ending age
Imperial Age
RankedLock teamsTeams togetherTeam positionsShared explorationLock speedFull tech treeHidden civsTurbo modeCheats
Victory
Defeat
🇧🇪 Saxons · Belgium
1120
+12
🇻🇳 Franks · Vietnam
1115
+12
1054
+15
🇩🇪 Celts · Germany
971
+18
🇪🇸 Tatars · Spain
1051
-15
🇩🇪 Vikings · Germany
1037
-15
🇩🇪 Bulgarians · Germany
1017
-14
🇨🇿 Franks · Czechia
999
-13
Caballo Loco
7:30 Feudal Age
9:17 Wheelbarrow
8:28 Loom
9:23 Wheelbarrow
13:06 Castle Age
12:31 Gold Mining
12:23 Horse Collar
15:05 Fletching
16:10 Stone Mining
18:56 Double-Bit Axe
22:11 Husbandry
22:22 Bloodlines
24:54 Bow Saw
24:46 Heavy Plow
29:35 Imperial Age
27:45 Bodkin Arrow
27:56 Scale Barding Armor
28:05 Forging
28:59 Hand Cart
29:09 Caravan
30:03 Town Watch
31:16 Ballistics
33:12 Gold Shaft Mining
32:48 Town Patrol
33:37 Conscription
34:37 Chemistry
34:48 Iron Casting
34:34 Chain Barding Armor
35:20 Silk Armor
35:44 Elite Skirmisher
36:35 Bracer
36:36 Padded Archer Armor
37:37 Blast Furnace
37:13 Plate Barding Armor
36:06 Elite Keshik
38:37 Masonry
38:48 Leather Archer Armor
DESTINNI
7:01 Feudal Age
7:02 Loom
8:08 Double-Bit Axe
14:26 Castle Age
12:44 Loom
12:53 Gold Mining
15:35 Scale Barding Armor
15:51 Bow Saw
16:24 Chain Barding Armor
17:14 Forging
18:33 Wheelbarrow
18:33 Husbandry
19:34 Town Watch
23:59 Iron Casting
27:03 Imperial Age
24:50 Hand Cart
27:39 Cavalier
28:55 Plate Barding Armor
30:23 Iron Casting
30:32 Caravan
30:50 Town Patrol
31:07 Pikeman
31:48 Squires
31:33 Arson
31:49 Scale Mail Armor
33:52 Conscription
36:30 Blast Furnace
37:00 Chain Mail Armor
37:48 Gold Shaft Mining
37:03 Stone Mining
37:05 Fletching
37:15 Padded Archer Armor
Krake
0:42 Loom
8:23 Feudal Age
8:58 Double-Bit Axe
12:18 Horse Collar
15:47 Castle Age
21:16 Forging
22:10 Fletching
23:09 Wheelbarrow
23:43 Scale Barding Armor
23:39 Scale Mail Armor
25:27 Bloodlines
26:24 Bodkin Arrow
26:35 Husbandry
28:55 Bow Saw
28:40 Gold Mining
29:02 Gambesons
29:17 Squires
29:03 Arson
30:39 Iron Casting
30:25 Chain Barding Armor
29:59 Pikeman
31:36 Caravan
34:59 Chain Mail Armor
35:44 Stirrups
39:21 Imperial Age
MarakoN1
4:44 Loom
6:55 Feudal Age
8:12 Horse Collar
9:21 Double-Bit Axe
13:59 Castle Age
12:22 Fletching
13:58 Scale Mail Armor
15:26 Bodkin Arrow
15:47 Chain Mail Armor
17:00 Bow Saw
17:51 Squires
20:08 Heavy Plow
21:06 Town Watch
21:48 Murder Holes
24:36 Forging
28:03 Imperial Age
27:15 Iron Casting
27:48 Town Patrol
28:11 Gold Mining
28:11 Stone Mining
29:09 Conscription
29:09 Bracer
29:41 Plate Mail Armor
30:36 Crop Rotation
31:08 Two-Man Saw
31:34 Blast Furnace
31:35 Chieftains
32:57 Masonry
33:08 Ballistics
36:23 Architecture
37:22 Hoardings
Heretic Prophet
8:47 Feudal Age
9:36 Double-Bit Axe
9:35 Horse Collar
12:39 Castle Age
13:00 Arson
14:00 Bow Saw
16:36 Squires
17:28 Scale Mail Armor
17:56 Forging
19:36 Wheelbarrow
18:54 Loom
22:53 Gold Mining
22:54 Stone Mining
23:24 Hand Cart
24:55 Fletching
29:27 Imperial Age
27:16 Chain Mail Armor
28:43 Iron Casting
27:57 Gambesons
29:25 Bodkin Arrow
29:42 Shield Wall
29:47 Pikeman
31:28 Conscription
31:18 Elite Varangian Guard
32:43 Halberdier
34:41 Plate Mail Armor
34:13 Bracer
34:20 Caravan
jphilkill
0:57 Loom
8:09 Feudal Age
13:11 Castle Age
11:27 Double-Bit Axe
11:25 Horse Collar
11:37 Gold Mining
11:39 Stone Mining
14:23 Bow Saw
18:03 Wheelbarrow
21:36 Hand Cart
21:43 Caravan
24:36 Scale Mail Armor
26:26 Gold Shaft Mining
26:28 Stone Shaft Mining
29:11 Husbandry
28:33 Pikeman
29:20 Scale Barding Armor
29:26 Forging
29:30 Fletching
29:40 Padded Archer Armor
34:37 Imperial Age
32:42 Padded Archer Armor
33:07 Ballistics
32:39 Elite Skirmisher
34:27 Chain Mail Armor
34:48 Iron Casting
34:34 Chain Barding Armor
35:43 Conscription
36:16 Plate Mail Armor
35:34 Capped Ram
38:09 Blast Furnace
36:32 Siege Ram
36:44 Cavalier
38:43 Chemistry
38:40 Siege Engineers
39:55 Furor Celtica
青山新雨 夜观星河
7:41 Feudal Age
7:04 Loom
11:53 Castle Age
9:59 Double-Bit Axe
10:36 Horse Collar
13:38 Wheelbarrow
18:22 Heavy Plow
19:25 Bow Saw
20:04 Gold Mining
22:01 Gold Shaft Mining
24:56 Imperial Age
23:42 Hand Cart
23:38 Scale Barding Armor
23:47 Bloodlines
23:38 Husbandry
25:00 Forging
26:06 Conscription
29:21 Counterweights
29:49 Chain Barding Armor
30:05 Iron Casting
30:37 Elite Mameluke
34:14 Plate Barding Armor
36:25 Blast Furnace
36:02 Ballistics
40:28 Chemistry
39:24 Murder Holes
39:35 Siege Engineers
40:34 Two-Man Saw
39:30 Fletching
bthi68153
2:12 Loom
8:03 Feudal Age
12:49 Castle Age
10:51 Double-Bit Axe
11:28 Gold Mining
17:47 Bow Saw
22:23 Forging
23:07 Scale Barding Armor
23:42 Wheelbarrow
27:13 Imperial Age
25:31 Chain Barding Armor
26:39 Iron Casting
27:04 Light Cavalry
27:21 Cavalier
28:51 Plate Barding Armor
29:38 Blast Furnace
29:48 Chemistry
29:36 Husbandry
32:58 Paladin
34:12 Padded Archer Armor
Connection lost

Rejoining the realm…

Still unreachable

The connection could not be restored.

Session expired

The server has moved on; the page needs a fresh start.